 Dungeon Crawl Stone Soup version 0.27.1-33-g824d729ab1 (webtiles) character file.

Game seed: 2726641896693364175

158 Gabide the Skirmisher (level 5, 0/42 HPs)
             Began as a Mummy Fighter on Dec 3, 2021.
             Killed from afar by Terence (13 damage)
             ... with a puff of flame
             ... on level 3 of the Dungeon.
             The game lasted 00:04:37 (3694 turns).

Gabide the Skirmisher (Mummy Fighter)               Turns: 3694, Time: 00:04:37

Health: 0/42       AC:  6    Str: 26    XL:     5   Next: 16%
Magic:  5/5        EV: 10    Int:  8    God:
Gold:   213        SH:  0    Dex: 11    Spells: 4/4 levels left

rFire    x . .     SeeInvis .   d - +1 halberd
rCold    + . .     Faith    .   (shield currently unavailable)
rNeg     + + +     Spirit   .   b - +0 scale mail
rPois    ∞         Reflect  .   (no helmet)
rElec    .         Harm     .   (no cloak)
rCorr    .         Rampage  .   (no gloves)
Will     .....                  (no boots)
Stlth    ..........             (no amulet)
HPRegen  0.14/turn              a - +6 ring of strength
MPRegen  0.09/turn              (no ring)

@: no status effects
A: cold resistance 1, negative energy resistance 3, torment resistance 2, heat
vulnerability 1, no potions
a: no special abilities


You were on level 3 of the Dungeon.
You visited 1 branch of the dungeon, and saw 3 of its levels.

You collected 213 gold pieces.

Inventory:

Hand Weapons
 d - a +1 halberd (weapon)
Armour
 b - a +0 scale mail (worn)
 c - a +0 kite shield
Jewellery
 a - a +6 ring of strength (left hand)
Scrolls
 e - a scroll of identify
 f - a scroll of magic mapping {unknown}


   Skills:
 + Level 3.6 Fighting
 * Level 3.5 Polearms
 + Level 3.0 Armour
 + Level 0.2 Dodging
 - Level 2.5 Shields


You had 4 spell levels left.
You didn't know any spells.
Your spell library was empty.

Dungeon Overview and Level Annotations

Branches:
Dungeon (3/15)

Altars:
The Shining One

Annotations:
D:3 Purgy, Terence


Innate Abilities, Weirdness & Mutations

You are immune to poison.
Your flesh is cold resistant. (rC+)
You are immune to negative energy. (rN+++)
You are immune to unholy pain and torment.
You are vulnerable to heat. (rF-)
You do not drink.


Message History

You climb upwards.
There is a stone staircase leading down here.
No target in view!
You climb downwards.
Level annotation: Purgy The bat hits you but does no damage.
The adder barely misses you. x2
There is a stone staircase leading up here.
You miss the adder. The adder closely misses you. The adder bites you.
You slash the adder!
You kill the adder!
The bat hits you but does no damage. The bat completely misses you.
You reach to attack!
You closely miss the bat. The bat hits you but does no damage.
Terence the Incautious comes into view.
He is wielding a +0 short sword and carrying a wand of flame (6).
Terence shouts!
The bat barely misses you.
You reach to attack!
You miss the bat. The bat hits you but does no damage.
A goblin comes into view. It is wielding a +0 club.
The goblin shouts!
You puncture the bat!
You kill the bat!
Terence zaps a wand.
The puff of flame hits you! The fire burns you terribly!
Terence zaps a wand.
The puff of flame hits you! The fire burns you terribly!
You are too injured to fight recklessly!
You are too injured to fight recklessly!
You are too injured to fight recklessly!
You are too injured to fight recklessly!
You are too injured to fight recklessly!
You are too injured to fight recklessly!
You are too injured to fight recklessly!
You are too injured to fight recklessly!
You are too injured to fight recklessly!
You are too injured to fight recklessly!
You are too injured to fight recklessly!
You are too injured to fight recklessly!
You are too injured to fight recklessly!
You are too injured to fight recklessly!
Terence zaps a wand.
The puff of flame hits you! The fire burns you terribly!
You die...

...... #.#.#
...... #.#.#
......##.#.#
.......#.#.#
.......#.#.#
......g#.#.#
#.@.#.#
##.###.#.#
#......@<#
########.#
..$.....#
#################
..........# #.#
######..
###########.###
......
#.............#
...## #..#
#.#############


You could see Terence and a goblin.

Vanquished Creatures
  Jessica (D:3)
  2 gnolls (D:2)
  3 adders
  4 worms
  2 dart slugs
  9 endoplasms
  4 giant cockroaches
  8 hobgoblins
  3 kobolds (D:2)
  3 quokkas (D:2)
  6 ball pythons
  5 bats
  5 frilled lizards
  8 goblins
  3 rats (D:1)
66 creatures vanquished.

Notes
Turn   | Place    | Note
-------+----------+-------------------------------------------
     0 | D:1      | Gabide the Mummy Fighter began the quest for the Orb.
     0 | D:1      | Reached XP level 1. HP: 18/18 MP: 1/1
   238 | D:1      | Reached XP level 2. HP: 14/24 MP: 2/2
   688 | D:1      | Found a faded altar of an unknown god.
   981 | D:2      | Reached XP level 3. HP: 29/29 MP: 3/3
  1795 | D:2      | Reached XP level 4. HP: 35/35 MP: 4/4
  3010 | D:3      | Noticed Purgy
  3017 | D:3      | Noticed Jessica
  3021 | D:3      | Killed Jessica
  3218 | D:3      | Reached XP level 5. HP: 30/42 MP: 5/5
  3688 | D:3      | Noticed Terence
  3694 | D:3      | Killed from afar by Terence

Illustrated notes

Levels and vault maps discovered:
D:1:      dpeg_arrival_oval, layout_basic, shapermc_ecumenical_altar_petra
D:2:      layout_loops_cross, serial_park_tiny_1, minmay_divided_ellipse
D:3:      minmay_evil_eye, layout_basic, tso_metal_star, uniq_jessica,
          uniq_terence, uniq_purgy

Skill      XL: |  1  2  3  4 |
---------------+-------------+-----
Polearms       | 2 3 |  3.5
Armour         | 3 |  3.0
Fighting       | |  3.6
Dodging        | |  0.2
Shields        | |  2.5

Action                   |  1- 3 |  4- 6 || total
-------------------------+-------+-------++-------
Melee: Trident           |    19 |       ||    19
       Halberd           |   112 |    87 ||   199
  Use: Scroll            |     3 |     2 ||     5
Armor: Scale mail        |    46 |    52 ||    98
Dodge: Dodged            |    65 |    53 ||   118
Block: Kite shield       |     6 |       ||     6
